 Dungeon Crawl Stone Soup version 0.31-a0-198-g2ad674f65e (webtiles) character file.

Game seed: 9539863717210253365

974 qw the Skirmisher (level 7, -1/38 (41) HPs)
             Began as a Deep Elf Hunter on June 25, 2023.
             Slain by an orc
             ... wielding a +5 flail of protection
              (4 damage)
             ... on level 6 of the Dungeon.
             The game lasted 00:01:53 (3848 turns).

qw the Skirmisher (Deep Elf Hunter)                 Turns: 3848, Time: 00:01:54

HP:   -1/38 (41)    AC:  6    Str: 12    XL:     7   Next: 95%
MP:   9/9           EV: 12    Int: 14    God:
Gold: 257           SH:  0    Dex: 20    Spells: 6/6 levels left

rFire   . . .        Y - +0 orcbow
rCold   . . .        (shield currently unavailable)
rNeg    . . .        m - +0 ring mail
rPois   +            (no helmet)
rElec   .            (no cloak)
rCorr   .            (no gloves)
SInv    .            i - +0 pair of boots
Will    +....        d - amulet of regeneration
Stlth   +            j - ring of willpower
HPRegen 1.06/turn    g - ring "Era Qosi" {rPois Str+2 Dex+2}
MPRegen 0.11/turn

%: no passive effects
@: drained
A: no striking features
a: no special abilities


You were on level 6 of the Dungeon.
You visited 2 branches of the dungeon, and saw 7 of its levels.
You also visited: Sewer.

You collected 257 gold pieces.


   Skills:
 - Level 3.3 Fighting
 + Level 11.3 Ranged Weapons
 - Level 1.2 Armour
 - Level 4.0 Dodging
 - Level 1.2 Stealth


You had 6 spell levels left.
You didn't know any spells.
Your spell library was empty.

Inventory:

Hand Weapons
 Y - a +0 orcbow (weapon)
Armour
 i - a +0 pair of boots (worn)
 m - a +0 ring mail (worn)
Jewellery
 d - an amulet of regeneration (around neck)
 g - the ring "Era Qosi" (right hand) {rPois Str+2 Dex+2}
   (You found it on level 2 of the Dungeon)

   [ring of poison resistance]

   Str:       It affects your strength (+2).
   Dex:       It affects your dexterity (+2).
   rPois:     It protects you from poison.
 j - a ring of willpower (left hand)
Scrolls
 b - a scroll of identify
Potions
 a - 2 potions of enlightenment
 c - 2 potions of resistance {unknown}
 f - a potion of haste
 k - a potion of might
 l - a potion of degeneration {unknown}
 n - a potion of cancellation {unknown}
 o - a potion of mutation {unknown}
 p - 2 potions of curing
 q - a potion of lignification {unknown}

Dungeon Overview and Level Annotations

Branches:
Dungeon (6/15)             Temple (1/1) D:5           Sewer (visited)

Altars:
Cheibriados
Elyvilon
Fedhas
Gozag
Kikubaaqudgha
Makhleb
Qazlal
Ru
Sif Muna
Trog
Uskayaw
Xom
Yredelemnul
Zin
The Shining One

Shops:
D:1 =   D:5 *

Annotations:
D:4 1 runed translucent door


Message History

You destroy the wight!
You shoot an arrow. The arrow hits the white imp.
The white imp is lightly wounded.
The white imp gestures at you. The puff of frost hits you!
You shoot an arrow. The arrow hits the white imp!
You kill the white imp!
The orc barely misses you.
You shoot an arrow. The arrow closely misses the wight.
The wight hits you with a +3 short sword.
The orc hits you with a +5 flail of protection!
You shoot an arrow. The arrow hits the wight!
The wight is heavily damaged.
The wight hits you but does no damage.
The orc hits you with a +5 flail of protection.
You shoot an arrow. The arrow barely misses the wight.
The wight barely misses you.
The orc hits you with a +5 flail of protection!
The wight barely misses you. Something hits you but does no damage.
You shoot an arrow. The arrow completely misses the wight.
The arrow hits the orc.
The orc is severely wounded.
The wight misses you. The orc barely misses you.
Something hits you but does no damage.
You shoot an arrow. The arrow hits the wight.
The wight is heavily damaged.
The wight hits you with a +3 short sword.
You feel drained. The orc barely misses you.
Something hits you but does no damage.
You shoot an arrow.
The arrow hits the wight but does no damage.
The wight is heavily damaged.
The wight hits you with a +3 short sword.
You feel drained.
The orc hits you with a +5 flail of protection!
Something hits you but does no damage.
You shoot an arrow. The arrow hits the wight!
You destroy the wight!
The orc hits you with a +5 flail of protection.
You die...

5.. ##. ... ##..
..# ....##)####
#z..#. ..## ##
#...##..##.##
#o#....#...#
##){##......#
#.@o.......##
##.......###
....####..#.##
...#.## ##....#
#..#. ##....##
#..#.# ##...###
......##....####
.......#.....#.#
#............#.##


You could see 2 orcs.

Vanquished Creatures
  Sigmund (D:4)
  An ogre (D:5)
  A centaur (D:5)
  A scorpion (D:5)
  2 wights (D:6)
  6 hounds
  A gnoll bouda (D:6)
  An orc wizard (D:3)
  An iguana (D:5)
  8 adders
  8 gnolls
  A river rat (Sewer)
  A shadow imp (D:5)
  A white imp (D:6)
  An ufetubus (D:5)
  A dart slug (D:1)
  17 orcs
  12 ball pythons
  6 endoplasms
  3 giant cockroaches
  11 goblins
  7 hobgoblins
  5 jackals
  3 quokkas
  4 bats
  8 frilled lizards
  A goblin skeleton (D:4)
  5 kobolds
  A kobold zombie (D:4)
  15 rats
134 creatures vanquished.

Notes
Turn   | Place    | Note
-------+----------+-------------------------------------------
     0 | D:1      | qw the Deep Elf Hunter began the quest for the Orb.
     0 | D:1      | Reached XP level 1. HP: 12/12 MP: 3/3
     0 | D:1      | 0 ||| qw: Version: 0.3-a-22-g0ed2b0b
     0 | D:1      | 0 ||| qw: Game counter: 5459
     0 | D:1      | 0 ||| qw: Melee chars always use a shield: true
     0 | D:1      | 0 ||| qw: God list: Okawaru
     0 | D:1      | 0 ||| qw: Allow faded altars: false
     0 | D:1      | 0 ||| qw: Do Orc after clearing Dungeon:15 true
     0 | D:1      | 0 ||| qw: Do second Lair branch before Depths: true
     0 | D:1      | 0 ||| qw: Lair rune preference: random
     0 | D:1      | 0 ||| qw: Goals: Normal
     0 | D:1      | 0 ||| PLANNING D:1-11
   221 | D:1      | Reached skill level 6 in Ranged Weapons
   221 | D:1      | Reached XP level 2. HP: 16/16 MP: 4/4
   263 | D:1      | Found a faded altar of an unknown god.
   404 | D:1      | Found Oceocu's Jewellery Emporium.
   429 | D:1      | 429 ||| SHOPLISTING +6 ring of dexterity (396 gold, have
                  | 61).
   429 | D:1      | 429 ||| SHOPLISTING ring "Pitrao" {rPois Str+3 Dex+6} (588
                  | gold, have 61).
   429 | D:1      | 429 ||| SHOPLISTING ring of positive energy (220 gold, have
                  | 61).
   429 | D:1      | 429 ||| SHOPLISTING ring of protection from fire (275 gold,
                  | have 61).
   637 | D:1      | 637 ||| UPGRADING to +0 pair of boots.
   642 | D:1      | 642 ||| UPGRADING to +0 ring mail.
   652 | D:1      | 652 ||| DROPPING +0 leather armour.
   653 | D:1      | 653 ||| UPGRADING to amulet of regeneration.
   658 | D:1      | 658 ||| UPGRADING to ring of willpower.
   659 | D:1      | 659 ||| READING 2 scrolls labelled HAENLO HIBIN.
   660 | D:1      | 660 ||| READING scroll labelled HETOYTHROW.
   666 | D:1      | 666 ||| READING scroll labelled EKHOAGG SU FYN.
   667 | D:1      | 667 ||| DROPPING scroll of noise.
   668 | D:1      | 668 ||| DROPPING scroll of butterflies.
   737 | D:2      | 737 ||| FLEEEEING.
   739 | D:2      | 739 ||| FLEEEEING.
   778 | D:2      | Reached XP level 3. HP: 19/20 MP: 5/5
   797 | D:2      | Identified the ring "Era Qosi" {rPois Str+2 Dex+2}
  1001 | D:2      | 1001 ||| UPGRADING to ring "Era Qosi" {rPois Str+2 Dex+2}.
  1002 | D:2      | 1002 ||| READING 2 scrolls labelled JIPES ZACIOR.
  1003 | D:2      | 1003 ||| READING scroll labelled KIULUU HIXKAA.
  1020 | D:3      | 1020 ||| PLANNING SEWER
  1028 | D:3      | Reached skill level 7 in Ranged Weapons
  1035 | D:3      | Found a glowing drain.
  1065 | D:3      | Reached XP level 4. HP: 21/25 MP: 6/6
  1076 | D:3      | 1076 ||| Stepping ~*~*~tactically~*~*~ (water).
  1081 | Sewer    | Entered a sewer
  1113 | Sewer    | 1113 ||| Stepping ~*~*~tactically~*~*~ (water).
  1122 | Sewer    | 1122 ||| Stepping ~*~*~tactically~*~*~ (water).
  1124 | Sewer    | 1124 ||| Stepping ~*~*~tactically~*~*~ (water).
  1132 | Sewer    | Reached skill level 8 in Ranged Weapons
  1231 | Sewer    | 1231 ||| Stepping ~*~*~tactically~*~*~ (water).
  1236 | Sewer    | Reached XP level 5. HP: 26/29 MP: 7/7
  1409 | Sewer    | 1409 ||| READING scroll labelled RACOAV PEACW.
  1410 | Sewer    | 1410 ||| READING scroll labelled IPLAOZ BODUWA.
  1411 | Sewer    | 1411 ||| DRINKING 2 green potions.
  1412 | Sewer    | 1412 ||| DRINKING 2 puce potions.
  1413 | Sewer    | 1413 ||| READING 2 scrolls of identify.
  1413 | Sewer    | 1413 ||| IDENTIFYING black potion
  1450 | D:3      | 1450 ||| PLANNING D:1-11
  1724 | D:3      | Found a glowing golden altar of the Shining One.
  1766 | D:3      | 1766 ||| FLEEEEING.
  1767 | D:3      | 1767 ||| FLEEEEING.
  1768 | D:3      | 1768 ||| FLEEEEING.
  1769 | D:3      | 1769 ||| FLEEEEING.
  2175 | D:3      | 2175 ||| READING scroll labelled NUPY GODUUSHROE.
  2176 | D:3      | 2176 ||| READING 2 scrolls of identify.
  2176 | D:3      | 2176 ||| IDENTIFYING fizzy white potion
  2177 | D:3      | 2177 ||| DROPPING potion of magic.
  2213 | D:4      | Reached skill level 9 in Ranged Weapons
  2229 | D:4      | Noticed Sigmund
  2239 | D:4      | Killed Sigmund
  2240 | D:4      | Reached skill level 3 in Fighting
  2240 | D:4      | Reached XP level 6. HP: 30/37 MP: 8/8
  2329 | D:4      | Reached skill level 3 in Dodging
  2453 | D:4      | Found a runed translucent door.
  2453 | D:4      | Noticed a human
  2481 | D:4      | Found a basalt altar of Yredelemnul.
  2882 | D:4      | 2882 ||| READING scroll labelled CIREMO UPSIATU.
  2883 | D:4      | 2883 ||| DRINKING 2 smoky coppery potions.
  2884 | D:4      | 2884 ||| DRINKING 3 inky potions.
  2899 | D:5      | Entered Level 5 of the Dungeon
  2963 | D:5      | Found a staircase to the Ecumenical Temple.
  2964 | D:5      | 2964 ||| PLANNING TEMPLE
  2972 | Temple   | Entered the Ecumenical Temple
  3176 | Temple   | 3176 ||| PLANNING D:1-11
  3196 | D:5      | HP: 8/37 [centaur/arrow (3)]
  3197 | D:5      | 3197 ||| READING scroll of teleportation.
  3197 | D:5      | HP: 1/37 [centaur/arrow (8)]
  3198 | D:5      | 3198 ||| DRINKING potion of heal wounds.
  3242 | D:5      | Reached XP level 7. HP: 41/41 MP: 9/9
  3297 | D:5      | Reached skill level 10 in Ranged Weapons
  3300 | D:5      | Reached skill level 1 in Armour
  3491 | D:5      | Found Poadit's Overcharged Wands.
  3499 | D:5      | 3499 ||| SHOPLISTING wand of digging (11) (693 gold, have
                  | 252).
  3548 | D:5      | Reached skill level 11 in Ranged Weapons
  3614 | D:5      | 3614 ||| SWAPPING to +0 orcbow.
  3615 | D:5      | 3615 ||| DROPPING +1 shortbow.
  3638 | D:5      | 3638 ||| READING scroll labelled SIUDIM FIAD.
  3739 | D:5      | 3739 ||| READING 2 scrolls of identify.
  3739 | D:5      | 3739 ||| IDENTIFYING grey potion
  3740 | D:5      | 3740 ||| DROPPING potion of ambrosia.
  3780 | D:6      | 3780 ||| FLEEEEING.
  3781 | D:6      | 3781 ||| FLEEEEING.
  3782 | D:6      | 3782 ||| FLEEEEING.
  3783 | D:6      | 3783 ||| FLEEEEING.
  3832 | D:6      | 3832 ||| FLEEEEING.
  3833 | D:6      | 3833 ||| FLEEEEING.
  3847 | D:6      | HP: 2/38 [orc/+5 flail of protection (9)]
  3848 | D:6      | Slain by an orc

Levels and vault maps discovered:
D:1:      dpeg_arrival_boxorama, layout_basic, basic_ecumenical_altar,
          serial_shops, nicolae_shop_gaudy_bauble, serial_bayou_lagoon_b
D:2:      layout_rooms
D:3:      layout_basic, mainiacjoe_overflow_small_starburst,
          portal_sewer_entry_a, serial_aquarium, aquarium_bridge_long_separate
          [aquarium_subvault_window, aquarium_subvault_bridge,
          aquarium_subvault_wall, aquarium_subvault_wall,
          aquarium_subvault_bridge, aquarium_subvault_bridge],
          aquarium_bridge_straight [aquarium_subvault_bridge,
          aquarium_subvault_balcony, aquarium_subvault_bridge,
          aquarium_subvault_wall], aquarium_window_2, aquarium_window_corner,
          aquarium_window_1, aquarium_view_2d, aquarium_view_2f, hex_large,
          hangedman_feature_mirror
D:4:      layout_basic, dk_yredelemnul_ordeal, st_stairs_12, uniq_sigmund
D:5:      layout_cave_pools, temple_statues, nicolae_shop_overcharged_wands
D:6:      minmay_chambers_of_threes, layout_cave_pools
Temple:   nicolae_temple_figure_eight

Skill      XL: |  1  2  3  4  5  6  7 |
---------------+----------------------+-----
Ranged Weapons | 6 7 8 9 11 | 11.3
Fighting       | 3 |  3.3
Dodging        | 3 4 |  4.0
Armour         | 1 |  1.2
Stealth        | |  1.2

Action                     |  1- 3 |  4- 6 |  7- 9 || total
---------------------------+-------+-------+-------++-------
   Fire: Shortbow          |   105 |   206 |    61 ||   372
         Orcbow            |       |       |    34 ||    34
    Use: Scroll            |     5 |     7 |     2 ||    14
         Potion            |       |     5 |       ||     5
 Armour: Ring mail         |    14 |    19 |    20 ||    53
         Leather armour    |     2 |       |       ||     2
  Dodge: Dodged            |    37 |    46 |    31 ||   114

Table legend:
 A = Non-vault XP
 B = Vault XP
 C = Vault XP percentage of total XP
 D = Non-vault monster count
 E = Vault monster count
 F = Vault count percentage of total count
                 A         B        C        D         E       F
            +---------+---------+-------+---------+---------+-------
      Total |    1156 |     308 |  21.0 |      98 |      36 |  26.9
            +---------+---------+-------+---------+---------+-------
        D:1 |      22 |       0 |   0.0 |      14 |       0 |   0.0
        D:2 |      34 |       0 |   0.0 |      17 |       0 |   0.0
        D:3 |     121 |      18 |  12.9 |      20 |      11 |  35.5
        D:4 |     123 |     222 |  64.3 |      22 |       6 |  21.4
        D:5 |     586 |       0 |   0.0 |      14 |       0 |   0.0
        D:6 |     270 |       0 |   0.0 |      11 |       0 |   0.0
      Sewer |       0 |      68 | 100.0 |       0 |      19 | 100.0
            +---------+---------+-------+---------+---------+-------
